Cogmind - Beta 14 @@@ ROGUE MODE // 2025.04.30 @ 16:58:32 Player: JB Result: Self-destructed Performance ------------- Evolutions (2) 1000 Regions Visited (3) 600 Robots Destroyed (57) 285 Value Destroyed (1650) 1650 Prototype IDs (0) 0 Alien Tech Used (0) 0 Bonus (275) 275 TOTAL SCORE: 3810 Bonus ------- High Alert Combat Kills 275 Cogmind --------- Core Integrity 75/550 Matter 66/300 Energy 121/265 System Corruption 8% Temperature Cool (0) Movement Core (700) Ox13 Location -8/Materials Parts ------- > --- POWER (1) -------- Improved Ion Engine > --- PROPULSION (3) --- (None) > --- UTILITY (4) ------ Large Storage Unit Medium Armor Plating Medium Armor Plating System Shield > --- WEAPON (3) ------- (None) > --- INVENTORY (15) --- Light Ion Engine VTOL Module System Shield System Shield Peak State ------------ > --- POWER ------------ Improved Ion Engine > --- PROPULSION ------- Wheel Wheel Compact Wheel > --- UTILITY ---------- Large Storage Unit Visual Processing Unit Hacking Suite System Shield > --- WEAPON ----------- Heavy Assault Rifle Heavy Assault Rifle Mining Claw > --- INVENTORY -------- Improved Ion Engine Wheel VTOL Module Medium Armor Plating Medium Armor Plating System Shield Tractor Beam Light Assault Rifle Heavy Assault Rifle Heavy Assault Rifle Grenade Launcher Mini Grenade Launcher [Rating: 21] Favorites ----------- Power Improved Ion Engine Engine Improved Ion Engine Power Core Nuclear Core Propulsion Wheel Wheel Wheel Utility Large Storage Unit Device Tractor Beam Storage Large Storage Unit Processor Visual Processing Unit Hackware Hacking Suite Protection Medium Armor Plating Weapon Heavy Assault Rifle Energy Gun Small Laser Ballistic Gun Heavy Assault Rifle Launcher Grenade Launcher Slashing Weapon Mining Claw Build | -11 -10 -9 -8 ------- Run | Yrd Mat Mat Mat Slots Evolved 4 | . . 2 2 Power . | . . . . Propulsion 1 | . . 1 . Utility 2 | . . . 2 Weapon 1 | . . 1 . Parts Attached 42 | 6 3 13 20 Power 4 | 1 . 1 2 Engine 3 | 1 . 1 1 Core 1 | . . . 1 Reactor . | . . . . Propulsion 6 | 2 . 2 2 Treads . | . . . . Leg . | . . . . Wheel 6 | 2 . 2 2 Hover . | . . . . Flight . | . . . . Utility 13 | 1 2 3 7 Device 1 | . . . 1 Storage 3 | 1 1 1 . Processor 1 | . . . 1 Hackware 3 | . . . 3 Protection 5 | . 1 2 2 Artifact . | . . . . Weapon 19 | 2 1 7 9 Energy Gun 1 | 1 . . . Energy Cannon . | . . . . Ballistic Gun 9 | 1 . 4 4 Ballistic Cannon . | . . . . Launcher 7 | . 1 3 3 Special Weapon . | . . . . Impact Weapon . | . . . . Slashing Weapon 2 | . . . 2 Piercing Weapon . | . . . . Special Melee Weapon . | . . . . Unidentified Prototypes . | . . . . Parts Lost 22 | . . 4 18 Power 2 | . . . 2 Propulsion 5 | . . 1 4 Utility 6 | . . 2 4 Weapon 9 | . . 1 8 Highest Loss Streak 12 | . . 2 12 To Critical Strikes . | . . . . Average Slot Usage (%) 93 | . 96 98 78 Engine 10 | . 14 11 7 Wheel 26 | . 28 31 12 Storage 11 | . 16 11 9 Processor 2 | . . . 8 Hackware 3 | . . . 15 Protection 7 | . 8 11 . Energy Gun 1 | . 8 . . Ballistic Gun 19 | . 14 21 19 Launcher 8 | . 5 11 2 Peak Build Rating 21 | 6 9 16 21 Average Rating 13 | 4 7 14 17 On Entrance 7 | . 6 9 15 Naked Turns . | . . . . Heaviest Build 43 | 10 24 43 36 Greatest Support 42 | 26 26 42 36 Greatest Overweight (x) 11 | . . 2 11 Average Overweight (x) . | . . . 1 Largest Inventory Capacity 15 | 8 10 15 15 Average Capacity 13 | 6 9 14 15 Most Carried 15 | 3 10 15 14 Average Carried 11 | 1 7 13 11 Final Capacity 15 | 8 10 15 15 Final Carried 14 | 3 10 14 4 Class Distribution -------------------- 32% | Bomber 26% | Tank 20% | Mutant 13% | Hacker-Skirmisher 7% | Hacker-Mutant Dominant Class ---------------- Mutant | -10/Materials Bomber | -9/Materials Hacker-Skirmisher | -8/Materials Resources | -11 -10 -9 -8 ----------- Run | Yrd Mat Mat Mat Matter Collected 1400 | 260 68 828 244 Remotely . | . . . . Salvage Created 1631 | . 49 920 662 Parts 101 | . 9 69 23 Haulers Intercepted 4 | . 1 3 . Recyclers Shooed . | . . . . Parts Field Recycled . | . . . . Retrieved Matter . | . . . . Parts Self-Destructed . | . . . . Prevented . | . . . . Kills | -11 -10 -9 -8 ------- Run | Yrd Mat Mat Mat Combat Hostiles Destroyed 41 | . . 27 14 Guns 13 | . . 11 2 AOE 28 | . . 16 12 Classes Destroyed 10 | . 3 7 . Worker 4 | . . 3 1 Builder 1 | . 1 . . Tunneler 1 | . . 1 . Hauler 4 | . 1 3 . Recycler 2 | . . 1 1 Operator 2 | . . 1 1 Watcher 2 | . 1 1 . Swarmer 15 | . . 15 . Grunt 17 | . . 5 12 Sentry 9 | . . 7 2 Best Kill Streak 12 | . 3 12 11 Combat Bots Only 10 | . . 10 8 Max Kills in Single Turn 4 | . 1 4 4 Gunslinging . | . . . . Exploded 4 | . . 4 4 Melee . | . . . . Uniques/NPCs Destroyed . | . . . . Combat | -11 -10 -9 -8 -------- Run | Yrd Mat Mat Mat Hostile Shots Fired 212 | . . 97 115 Missed 48 | . . 22 26 Damage Taken 2434 | . . 926 1508 Core 614 | . . 139 475 Absorbed by Shields . | . . . . Core Remaining (%) 88 | 100 100 65 . Volleys Fired 122 | . 9 86 27 Largest 3 | . 2 3 3 Hottest 83 | . 60 83 76 Shots Fired 288 | . 17 204 67 Gun 244 | . 12 176 56 Cannon . | . . . . Launcher 44 | . 5 28 11 Special . | . . . . Kinetic 241 | . 9 176 56 Thermal 3 | . 3 . . Explosive 44 | . 5 28 11 Electromagnetic . | . . . . Robot Hit Streak 10 | . 8 10 7 Robot Miss Streak 5 | . 1 5 3 Penetration Max . | . . . . Secondary Targets . | . . . . Shots Hit Robots 145 | . 8 98 39 Core Hits 107 | . 5 60 42 Critical Kills 1 | . . 1 . Critical Parts Destroyed 2 | . . 2 . Critical Strikes 3 | . . 3 . Destroy 3 | . . 3 . Melee Attacks 5 | . . . 5 Impact . | . . . . Slashing 5 | . . . 5 Piercing . | . . . . Sneak Attacks 1 | . . . 1 Combat Hostiles . | . . . . Follow-up Attacks . | . . . . Damage Inflicted 4459 | . 172 2305 1982 Guns 1944 | . 76 1430 438 Cannons . | . . . . Explosions 2498 | . 96 875 1527 Melee 17 | . . . 17 Ramming . | . . . . Kinetic 1923 | . 55 1430 438 Thermal 463 | . 21 . 442 Explosive 1965 | . 96 875 994 Electromagnetic 91 | . . . 91 Impact . | . . . . Slashing 17 | . . . 17 Piercing . | . . . . Highest Corruption 8 | . . . 8 Average Corruption 5 | . . . 5 Corruption Purged . | . . . . Corruption Blocked . | . . . . Overload Shots . | . . . . Overflow Damage 86 | . 3 28 55 Projectiles . | . . . . Explosions 86 | . 3 28 55 Melee . | . . . . Knockbacks . | . . . . Impact . | . . . . Kinetic . | . . . . Secondary . | . . . . Self-Inflicted Damage 27 | . . 9 18 Shots 2 | . . 1 1 Rammed . | . . . . Targets Rammed . | . . . . Kicked . | . . . . Crushed . | . . . . Highest Temperature 129 | . 20 129 59 Average Temperature 32 | . 13 38 15 Received Heat Transfer 894 | . . 300 594 Siege Activations . | . . . . Robots Corrupted . | . . . . Combat Hostiles . | . . . . Parts Fried 2 | . . . 2 Impact Corruptions . | . . . . Robots Melted . | . . . . Combat Hostiles . | . . . . Parts Melted . | . . . . Heat Transferred 300 | . 50 . 250 Parts Sabotaged . | . . . . Parts Stolen . | . . . . Parts Stripped . | . . . . Power Chain Reactions . | . . . . Alert | -11 -10 -9 -8 ------- Run | Yrd Mat Mat Mat Peak Influence 870 | . 105 870 757 Initial 259 | . . 44 259 Average 429 | . 25 528 476 Maximum Alert Level 3 | . . 3 3 Low Security (%) 25 | 100 100 15 . Level 1 13 | . . 8 33 Level 2 46 | . . 55 56 Level 3 14 | . . 21 9 Level 4 . | . . . . Level 5 . | . . . . High Security . | . . . . Max Security . | . . . . Squads Dispatched 9 | . . 2 7 Investigation 3 | . . 2 1 Extermination . | . . . . Reinforcement 4 | . . . 4 Assault 1 | . . . 1 Garrison 1 | . . . 1 Intercept . | . . . . Searches Triggered . | . . . . Construction Impeded 1 | . . . 1 Haulers Reinforced . | . . . . Active Scanning Responses . | . . . . Cargo Convoy Interrupts . | . . . . Stealth | -11 -10 -9 -8 --------- Run | Yrd Mat Mat Mat Distress Signals 2 | . . . 2 Communications Jammed . | . . . . Distress Signals . | . . . . Times Spotted 64 | . 2 33 29 Peak Tracking Total 9 | . 2 6 9 Tactical Retreats 1 | . . 1 . Traps | -11 -10 -9 -8 ------- Run | Yrd Mat Mat Mat Traps Triggered 3 | . . 3 . Indirectly . | . . . . Trap Hack Attempts . | . . . . Triggered . | . . . . Disarmed . | . . . . Reprogrammed . | . . . . Reused . | . . . . Traps Extracted . | . . . . Installed . | . . . . Triggered . | . . . . Machines | -11 -10 -9 -8 ---------- Run | Yrd Mat Mat Mat Machines Disabled 16 | . 2 6 8 Max in Single Turn 4 | . 2 1 4 Garrison Access 1 | . . . 1 Machines Repaired . | . . . . Machines Dismantled . | . . . . Machines Sabotaged . | . . . . Overloaded Fab Kills . | . . . . Hacking | -11 -10 -9 -8 --------- Run | Yrd Mat Mat Mat Machines Accessed 11 | . 1 8 2 Terminals 11 | . 1 8 2 Fabricators . | . . . . Repair Stations . | . . . . Recycling Units . | . . . . Scanalyzers . | . . . . Garrison Access . | . . . . Total Hacks 30 | . 1 23 6 Successful 15 | . 1 13 1 Failed 15 | . . 10 5 Catastrophic 3 | . . . 3 Database Lockouts . | . . . . Manual 30 | . 1 23 6 Terminals 30 | . 1 23 6 Fabricators . | . . . . Repair Stations . | . . . . Recycling Units . | . . . . Scanalyzers . | . . . . Garrison Access . | . . . . Terminal Hacks 5 | . . 4 1 Terminal Index 1 | . . 1 . Alert Level 1 | . . 1 . Unreport Threat 2 | . . 1 1 Recall Investigation 1 | . . 1 . Fabricator Hacks . | . . . . Repair Station Hacks . | . . . . Recycling Unit Hacks . | . . . . Scanalyzer . | . . . . Garrison Access Hacks . | . . . . Unauthorized Hacks 10 | . 1 9 . Terminals 10 | . 1 9 . Track 2 | . . 2 . Botnet 7 | . 1 6 . Operators 1 | . . 1 . Fabricators . | . . . . Repair Stations . | . . . . Recycling Units . | . . . . Scanalyzers . | . . . . Garrison Access . | . . . . Data Cores Recovered 1 | . . 1 . Used . | . . . . Hacking Detections 9 | . 1 6 2 Full Trace Events 1 | . . . 1 Feedback Events 1 | . . . 1 Hackware Fried 1 | . . . 1 Feedback Blocked . | . . . . Robot Schematics Acquired . | . . . . Robots Built . | . . . . Authchips . | . . . . Time . | . . . . Total Robot Build Rating . | . . . . Part Schematics Acquired . | . . . . Parts Built . | . . . . Authchips . | . . . . Time . | . . . . Total Part Build Rating . | . . . . Parts Repaired . | . . . . Time . | . . . . Parts Recycled . | . . . . Recycled Matter . | . . . . Retrieved Matter . | . . . . Retrieved Components . | . . . . Parts Scanalyzed . | . . . . Part Schematics Acquired . | . . . . Parts Damaged . | . . . . Bothacking | -11 -10 -9 -8 ------------ Run | Yrd Mat Mat Mat Used RIF Installer . | . . . . Robots Hacked . | . . . . Non-combat . | . . . . Combat . | . . . . Robot Hacks Applied . | . . . . Relay Couplers Released 3 | . . . 3 Machine Destruction 3 | . . . 3 Fabnet Peak Effective % . | . . . . Robots Rewired . | . . . . Allies Hacked . | . . . . Hacks Repelled . | . . . . Allies | -11 -10 -9 -8 -------- Run | Yrd Mat Mat Mat Total Allies . | . . . . Largest Group . | . . . . Highest-Rated Group . | . . . . Highest-Rated Ally . | . . . . Total Orders . | . . . . Ally Attacks . | . . . . Total Damage . | . . . . Kills . | . . . . Allies Corrupted . | . . . . Allies Melted . | . . . . Intel | -11 -10 -9 -8 ------- Run | Yrd Mat Mat Mat Robot Analysis Total . | . . . . Derelict Logs Recovered . | . . . . Drone Launches . | . . . . Drone Recoveries . | . . . . Exploration | -11 -10 -9 -8 ------------- Run | Yrd Mat Mat Mat Turns Passed 1566 | 45 222 917 382 Spaces Moved 1062 | 40 206 605 211 Core 15 | 8 . . 7 Treads . | . . . . Legs . | . . . . Wheels 1047 | 32 206 605 204 Hover . | . . . . Flight . | . . . . Fastest Speed 50 | 50 90 93 86 Average Speed 101 | 82 90 101 117 Slowest Speed 600 | 100 90 110 600 Overloaded Moves . | . . . . Propulsion Burnouts . | . . . . Robots Hopped . | . . . . Cave-ins Triggered . | . . . . Exploration Rate (%) 34 | 4 35 66 33 Regions Visited 3 Branch Regions . Pre-discovered Areas . | . . . . Known Exits Taken . | . . . . Unknown Exits Taken 3 | 1 1 1 . Scrap Searched . | . . . . Spaces Dug 2 | . . . 2 Terrain Destroyed 254 | . 78 125 51 Melee 2 | . . . 2 Projectile . | . . . . AOE 252 | . 78 125 49 Terrain Rammed . | . . . . Walls Destroyed . | . . . . Machines Disabled . | . . . . Actions | -11 -10 -9 -8 --------- Run | Yrd Mat Mat Mat Total 1297 | 48 226 742 281 Wait 34 | . . 21 13 Move 1059 | 39 205 604 211 Hop . | . . . . Pick Up 25 | 3 7 11 4 Fast Attach 9 | 6 3 . . Attach 21 | . . 5 16 Detach 1 | . . . 1 Swap 12 | . . 8 4 Drop 9 | . 2 7 . Fire 122 | . 9 86 27 Melee 5 | . . . 5 Ram . | . . . . Kick . | . . . . Crush . | . . . . Escape Stasis . | . . . . Rewire . | . . . . Trap . | . . . . Miscellaneous . | . . . . Route ------- -11/Scrapyard -10/Materials (discovered 2 exits: *Mat / [*Min]) -9/Materials (discovered 3 exits: *Mat / [*Min x2]) -8/Materials History --------- Turn | Location | Event 5 | -11/Scrapyard | Discovered new exit (range 16) 46 | -11/Scrapyard | Entered Materials 164 | -10/Materials | Discovered new exit (range 6) 221 | -10/Materials | Discovered new exit (range 14) 268 | -10/Materials | Entered another Materials area 268 | -9/Materials | Evolved 2 slots: Propulsion x1, Weapon x1 270 | -9/Materials | Discovered new exit (range 9) 552 | -9/Materials | Destroyed 10 combat bots 680 | -9/Materials | Discovered new exit (range 11) 727 | -9/Materials | Build established: Bomber 929 | -9/Materials | Discovered new exit (range 4) 1185 | -9/Materials | Entered another Materials area 1185 | -8/Materials | Evolved 2 slots: Utility x2 1377 | -8/Materials | Lost 6 parts (3n3w) 1378 | -8/Materials | Destroyed 8 combat bots 1497 | -8/Materials | System Shield fried by hacking feedback 1539 | -8/Materials | Core integrity fell below 50% 1552 | -8/Materials | Core integrity fell below 20% 1567 | -8/Materials | Self-destructed Last Messages --------------- 01545_ K-01 Serf collects debris. 01546_ ALERT: Suspicious intruders detected, dispatching Specialist reinforcements to area. 01546_ M-28 Smith repairs B-36 Bruiser. 01546_ K-01 Serf collects debris. 01546_ U-05 Engineer lays Concrete. 01548_ M-28 Smith repairs Lgt. Armor Plating. 01548_ U-05 Engineer lays Concrete. 01550_ K-01 Serf collects debris. 01550_ U-05 Engineer lays Concrete. 01551_ U-05 Engineer builds a Wall. 01552_ U-05 Engineer lays Concrete. 01555_ Visual Processing Unit destroyed. 01555_ System corrupted by crushing effect (+5). 01558_ Critical hit (Smash). 01558_ K-01 Serf collects debris. 01561_ Knocked back. 01565_ Mining Claw destroyed. 01565_ System corrupted by crushing effect (+3). 01567_ Integration Channel disabled. Map ----- +----------------------------------------------------+ | ???????????????????????????????????????????? | | ???????????????????????????????????????????? | | ???????????????????????????????????????????? | | ???????????????????????????????????????????? | | ???????????????????????????????????????????? | | ???????????????????????????????????????????? | | ???????????????????????????????????????????? | | ###???###/#######??????????????????????????? | | #??? ??????????????????????????? | | ] #??# #?????????????????????????? | | #??# #?????????????????????????? | | #??# #?????????????????????????? | | #??# #?????????????????????????? | | #??# #?????????????????????????? | | ##??# #?????????????????????????? | | ##???# ###+#####?????????????????? | | ?????# ??????????????????? | | ?????#^ ?????????H?????????? | | ???# ????????????????????? | | !?# #?#######?????????????? | | "S # ### =#?????????????? | | ??" + T## " #?????????????? | | ?????# #?# """ #?????????????? | | ?????# = #?# """ #?????????????? | | ????## ! ### """ #?????????????? | | ##### "## @"" #?????????????? | | ##b "" #?????????????? | | g "" #?????????????? | | Y##h"" #?????????????? | | ##### ## " #?????????????? | | ????########### ## ## #?????????????? | | ????# = ##+#####????????????? | | ????# % + #????????????? | | ????# [ T #????????????? | | ????# % ##### +????????????? | | ????# #####??????#????????????? | | ????# ! ##???????????????????????? | | ????#/############?????????????????????????? | | ???????????????????????????????????????????? | | ???????????????????????????????????????????? | | ???????????????????????????????????????????? | | ???????????????????????????????????????????? | | ???????????????????????????????????????????? | | ???????????????????????????????????????????? | | ???????????????????????????????????????????? | | ???????????????????????????????????????????? | | ???????????????????????????????????????????? | | ???????????????????????????????????????????? | | ???????????????????????????????????????????? | | ???????????????????????????????????????????? | +----------------------------------------------------+ Best States ------------- Heat Dissipation 31 Energy Generation 14 Energy Capacity 265 Matter Stores 300 Matter Capacity 300 Sight Range 18 Terrain Scan Density 10 Armor Coverage 450 Evasion (%) 50 Offensive Hacking 10 Defensive Hacking 10 Item Schematics ----------------- None Robot Schematics ------------------ None Fabricated ------------ Nothing Alien Tech Used ----------------- None Achievements -------------- None Challenges ------------ None Game ------ Seed MeleePropulsionSubcomponent Manual? 0 Play Time 00:16:29 Cumulative 67.1 hours Start 2025.04.30 @ 16:43:29 End 2025.04.30 @ 16:58:32 Sessions 1 Manual Loads 0 Difficulty Rogue Special Mode None Game No. 143 Rogue 95 Adventurer 48 Explorer 0 Win Type - Total 0 Types 0/0/0/0/0/0/0/0/0 Lore% 20 Gallery% 43 Achievement% 38 Wizard Run 0 Options --------- Layout 1 ASCII 0 Keyboard 0 Movement Mouse Keybinds 0 Fullscreen 1 Font 32/SmallcapsGlow Map View 50x35 Zoom Use 0% Tactical HUD 1 Map Filters NONE Filters NONE Steam 1 RUN: cc7d1d27-fac6-418c-a6de-c8d2f93980b1